 Dungeon Crawl Stone Soup version 0.25.1-9-gc5326a611f (webtiles) character file.

Game seed: 15275788203104536614

3353 Serus the Carver (level 9, -4/69 HPs)
             Began as a Demonspawn Gladiator on Jan 28, 2022.
             Was a Follower of Yredelemnul.
             Slain by an ogre
             ... wielding a +0 giant club
              (15 damage)
             ... on level 8 of the Dungeon.
             The game lasted 00:15:46 (7646 turns).

Serus the Carver (Demonspawn Gladiator)             Turns: 7646, Time: 00:15:47

Health: -4/69      AC: 16    Str: 17    XL:     9   Next: 73%
Magic:  9/9        EV: 12    Int:  9    God:    Yredelemnul [*.....]
Gold:   370        SH:  4    Dex: 16    Spells: 8/8 levels left

rFire    . . .     SeeInvis .   a - +1 long sword
rCold    . . .     Gourm    .   I - +0 buckler
rNeg     . . .     Faith    .   p - +0 scale mail
rPois    +         Spirit   .   c - +0 helmet
rElec    .         Reflect  .   k - +1 cloak
rCorr    .         Harm     .   r - +2 pair of gloves
MR       +....                  (no boots)
Stlth    ..........             B - amulet of regeneration
HPRegen  0.61/turn              v - ring of protection from magic
MPRegen  0.11/turn              C - ring of poison resistance

@: no status effects
A: hooves 2, slimy green scales 1, demonic guardian 1, rot immunity
a: Animate Remains, Renounce Religion


You were on level 8 of the Dungeon.
You worshipped Yredelemnul.
Yredelemnul was aware of your devotion.
You were not hungry.

You visited 2 branches of the dungeon, and saw 10 of its levels.

You collected 370 gold pieces.

Inventory:

Hand Weapons
 a - a +1 long sword (weapon)
Missiles
 d - 3 throwing nets (quivered)
 H - 3 atropa-tipped darts
Armour
 b - a +0 leather armour
 c - a +0 helmet (worn)
 k - a +1 cloak (worn)
 p - a +0 scale mail (worn)
 r - a +2 pair of gloves (worn)
 x - a +0 plate armour
 I - a +0 buckler (worn)
 K - a scarf of harm
Jewellery
 v - a ring of protection from magic (left hand)
 B - an amulet of regeneration (around neck)
 C - a ring of poison resistance (right hand)
Wands
 D - a wand of acid (6)
 G - a wand of random effects (14)
 P - a wand of flame (11)
 R - a wand of disintegration (11)
Scrolls
 g - a scroll of summoning {unknown}
 h - a scroll of amnesia
 i - 2 scrolls of immolation
 l - 2 scrolls of enchant armour
 q - a scroll of magic mapping {unknown}
 u - 4 scrolls of teleportation
 y - 2 scrolls of enchant weapon
 A - a scroll of fog {unknown}
 E - 4 scrolls of remove curse
 J - a scroll of blinking {unknown}
 L - a scroll of noise {unknown}
 M - a scroll of identify
Potions
 e - 4 potions of curing {unknown}
 j - a potion of heal wounds {unknown}
 m - 3 potions of flight {unknown}
 n - a potion of magic {unknown}
 o - 2 potions of berserk rage {unknown}
 s - 5 potions of degeneration {unknown}
 t - a potion of stabbing {unknown}
 z - 2 potions of brilliance {unknown}
 F - a potion of cancellation {unknown}
 N - a potion of lignification {unknown}
 O - a potion of mutation {unknown}
 Q - a potion of ambrosia {unknown}
Comestibles
 f - 25 rations
 w - a chunk of flesh


   Skills:
 + Level 5.9 Fighting
 + Level 9.3 Long Blades
 + Level 1.8 Throwing
 + Level 5.4 Armour
 + Level 5.1 Dodging
 + Level 1.7 Stealth
 + Level 0.2 Shields


You had 8 spell levels left.
You didn't know any spells.
Your spell library contained the following spells:

 Spells                   Type           Power        Failure   Level  Hunger
 Magic Dart               Conj           #...         90%         1    ##.....
 Blink                    Tloc           N/A          97%         2    ###....
 Call Imp                 Summ           #.......     97%         2    ###....
 Slow                     Hex            #.......     97%         2    ###....
 Conjure Flame            Conj/Fire      #.......     99%         3    ####...
 Mephitic Cloud           Conj/Pois/Air  #.......     99%         3    ####...


Dungeon Overview and Level Annotations

Branches:
Dungeon (9/15)             Temple (1/1) D:7
   Lair: D:8-11         Orc: D:9-12

Altars:
Ashenzari
Cheibriados
Dithmenos
Fedhas
Gozag
Hepliaklqana
Kikubaaqudgha
Makhleb
Nemelex Xobeh
Okawaru
Qazlal
Ru
Sif Muna
Trog
Uskayaw
Vehumet
Wu Jian
Xom
Yredelemnul
Zin
The Shining One

Annotations:
D:9 Erolcha


Innate Abilities, Weirdness & Mutations

You have hoof-like feet.
You are partially covered in slimy green scales. (AC +2)
A weak demonic guardian rushes to your aid.
You are immune to rotting.


Message History

The boomerang hits the ogre!
The weapon returns to the orc warrior!
You climb upwards.
There is a stone staircase leading down here.
You closely miss the orc warrior.
You kick the orc warrior, but do no damage.
The orc warrior is moderately wounded.
The ogre closely misses you.
You riposte.
You hit the ogre. You kick the ogre.
The ogre is heavily wounded.
The orc warrior hits you with a +0 war axe!
Unknown command.
You hit the orc warrior.
The orc warrior is moderately wounded.
The ogre hits you with a +0 giant club!!
* * * LOW HITPOINT WARNING * * *
The orc warrior hits you with a +0 war axe.
* * * LOW HITPOINT WARNING * * *
Unknown command.
The ogre hits you with a +0 giant club!
You die...
Your body rises from the dead as a mindless zombie.

#.#
#####.#...........(##.#.....#
#)# #.#.#..##.#.#..##>#......
#.# #.#.#..##.#.#..##.#.....#
#)# ####.#.#..##.#.#..##.##...##
#.####.........##.#.......###.##
#.#.........##.##.#>.8#8..# #.#
....(..##.####.......#(#..# #.#
#....####.#######O#..8#8..###.#
#....##.........@.o.(.(..((...#
#.........#########.####..#####
###.###.### #.# ##.# #.# #.# #.#
#.# #.# #.## #####.# #.#
#.###..## #.....# #.# #.......#
#.##### #.# #####..## #.#
#.####### #..# #.# #........


You could see an orc warrior and an ogre.

Vanquished Creatures
  A wyvern (D:8)
  Menkaure (D:7)
  Duvessa (D:6)
  A black bear (D:7)
  3 ice beasts
  2 orc warriors (D:8)
  A sky beast (D:5)
  6 ogres
  3 centaurs
  A big kobold (D:8)
  2 bullfrogs
  Dowan (D:6)
  5 scorpions
  3 killer bees
  A centaur zombie (D:7)
  A crimson imp (D:5)
  2 centaur skeletons (D:4)
  3 jellies
  2 orc priests (D:8)
  A gnoll shaman (D:6)
  4 hounds
  An orc wizard (D:7)
  Jessica (D:3)
  Terence (D:3)
  7 worker ants
  2 worker ant zombies
  7 adders
  3 gnolls (D:6)
  A howler monkey skeleton (D:5)
  4 shadow imps
  4 oozes
  An adder zombie (D:5)
  4 worms
  2 dart slugs (D:3)
  8 leopard geckos
  16 orcs
  2 ball pythons
  7 giant cockroaches
  6 goblins
  9 hobgoblins
  16 jackals
  3 quokkas
  4 bats
  3 frilled lizards
  6 kobolds
  2 quokka skeletons (D:5)
  8 rats
173 creatures vanquished.

Vanquished Creatures (collateral kills)
  An ogre (D:9)
  An orc wizard (D:8)
  2 orcs
4 creatures vanquished.

Grand Total: 177 creatures vanquished

Notes
Turn   | Place    | Note
-------+----------+-------------------------------------------
     0 | D:1      | Serus the Demonspawn Gladiator began the quest for the Orb.
     0 | D:1      | Reached XP level 1. HP: 16/16 MP: 1/1
   236 | D:1      | Gained mutation: You are immune to rotting. [demonic
                  | ancestry]
   236 | D:1      | Reached XP level 2. HP: 19/22 MP: 2/2
   482 | D:1      | Reached skill level 3 in Long Blades
   807 | D:1      | Gained mutation: You have large cloven feet. [demonic
                  | ancestry]
   807 | D:1      | Reached XP level 3. HP: 27/27 MP: 3/3
  1498 | D:2      | Reached XP level 4. HP: 34/34 MP: 4/4
  1544 | D:2      | Found a bloodstained altar of Trog.
  2162 | D:3      | Noticed Terence
  2187 | D:3      | Killed Terence
  2373 | D:3      | Reached XP level 5. HP: 41/41 MP: 5/5
  2411 | D:3      | Noticed an ogre
  2418 | D:3      | Killed an ogre
  2418 | D:3      | Reached skill level 4 in Long Blades
  2418 | D:3      | Reached skill level 1 in Armour
  2522 | D:3      | Noticed Jessica
  2538 | D:3      | Killed Jessica
  2972 | D:4      | Reached XP level 6. HP: 47/47 MP: 6/6
  3077 | D:4      | Found an ancient bone altar of Kikubaaqudgha.
  3079 | D:4      | Found a blossoming altar of Fedhas.
  3229 | D:4      | Reached skill level 5 in Long Blades
  3588 | D:5      | Entered Level 5 of the Dungeon
  4034 | D:5      | Gained mutation: You are partially covered in slimy green
                  | scales. (AC +2) [demonic ancestry]
  4034 | D:5      | Reached XP level 7. HP: 40/53 MP: 7/7
  4233 | D:5      | Reached skill level 6 in Long Blades
  4233 | D:5      | Reached skill level 1 in Stealth
  4538 | D:5      | Gained mutation: You have hoof-like feet. [demonic
                  | ancestry]
  4538 | D:5      | Reached XP level 8. HP: 60/60 MP: 8/8
  4795 | D:6      | Noticed Duvessa
  4796 | D:6      | Noticed Dowan
  4828 | D:6      | Killed Duvessa
  4834 | D:5      | Reached skill level 7 in Long Blades
  5149 | D:6      | Killed Dowan
  5750 | D:7      | Reached skill level 5 in Fighting
  5869 | D:7      | Noticed Menkaure
  5883 | D:7      | Killed Menkaure
  5883 | D:7      | Reached skill level 8 in Long Blades
  6015 | D:7      | Gained mutation: A weak demonic guardian rushes to your
                  | aid. [demonic ancestry]
  6015 | D:7      | Reached XP level 9. HP: 52/68 MP: 9/9
  6239 | D:7      | Found a staircase to the Ecumenical Temple.
  6263 | Temple   | Entered the Ecumenical Temple
  6368 | Temple   | Became a worshipper of Yredelemnul the Dark
  7074 | D:8      | Reached skill level 5 in Dodging
  7166 | D:8      | Reached skill level 9 in Long Blades
  7213 | D:8      | Reached skill level 5 in Armour
  7348 | D:8      | Reached * piety under Yredelemnul
  7547 | D:9      | Noticed Erolcha
  7646 | D:8      | Slain by an ogre

Illustrated notes

Levels and vault maps discovered:
D:1:      dpeg_arrival_morbid_curiosity, layout_basic
D:2:      layout_loops_ring, nicolae_overflow_crystal_walls, first_ration
D:3:      layout_rooms, minmay_ruptured, uniq_terence, uniq_jessica
D:4:      layout_rooms, grunt_temple_overflow_growth_and_decay,
          chequers_serial_rivers_room_b, wad_rectangle_vault
D:5:      layout_basic, serial_bayou, serial_bayou_pond_d, serial_bayou_shore_b,
          serial_bayou_ford_a, serial_bayou_lagoon_a, corexii_leaking_fountain
D:6:      layout_rooms, uniq_duvessa
D:7:      layout_rooms, minmay_temple_entry_trees, minmay_misc_feat_encased,
          uniq_menkaure
D:8:      layout_loops_ring, blue_anna_alchemist [blue_anna_fruit_fields,
          blue_anna_fruit_fields], minmay_misc_feat_square, minmay_statues_item
D:9:      layout_roguey, lemuel_crystal_altar, erik_orc_3, uniq_maurice,
          uniq_grum, uniq_erolcha, uniq_maggie
Temple:   compressed_dpeg_circular_temple

Skill      XL: |  1  2  3  4  5  6  7  8  9 |
---------------+----------------------------+-----
Dodging        | 3 4 5 |  5.1
Long Blades    | 3 4 5 6 8 9 |  9.3
Fighting       | 3 4 5 |  5.9
Armour         | 1 2 4 5 |  5.4
Stealth        | 1 |  1.7
Throwing       | |  1.8
Shields        | |  0.2

Action                   |  1- 3 |  4- 6 |  7- 9 || total
-------------------------+-------+-------+-------++-------
Melee: Long sword        |    90 |   182 |   363 ||   635
       Kick              |    15 |    64 |   152 ||   231
  Use: Scroll            |       |     9 |     1 ||    10
 Stab: Distracted        |       |       |     1 ||     1
  Eat: Chunk             |     2 |     8 |    13 ||    23
Armor: Leather armour    |    20 |       |       ||    20
       Scale mail        |    21 |    84 |   191 ||   296
Dodge: Dodged            |    87 |   136 |   226 ||   449
Block: Buckler           |       |       |    16 ||    16
       Rpst.: Long sword |    21 |    43 |    64 ||   128
